 Dungeon Crawl Stone Soup version 0.28-a0-479-g5baa6b73be (webtiles) character file.

Game seed: 13312799669270203645

9429 devnull the Carver (level 11, -1/86 HPs)
             Began as a Merfolk Berserker on Sept 18, 2021.
             Was a Priest of Trog.
             Slain by a two-headed ogre (22 damage)
             ... on level 10 of the Dungeon.
             The game lasted 00:34:21 (11963 turns).

devnull the Carver (Merfolk Berserker)             Turns: 11963, Time: 00:34:21

Health: -1/86      AC: 11    Str: 17    XL:     11   Next: 46%
Magic:  9/9        EV:  7    Int:  7    God:    Trog [***...]
Gold:   405        SH: 16    Dex: 17    Spells: 10/10 levels left

rFire   . . .      SeeInvis .   d - +7 Singing Sword {vorpal, sonic wave}
rCold   . . .      Faith    .   y - +0 tower shield
rNeg    . . .      Spirit   .   A - +0 chain mail
rPois   .          Reflect  .   (helmet restricted)
rElec   .          Harm     .   q - +0 cloak
rCorr   .          Rampage  .   g - +0 pair of gloves
Will    ++...                   w - +0 pair of boots
Stlth   ..........              (no amulet)
HPRegen 1.24/turn               (no ring)
MPRegen 0.11/turn               (no ring)

@: strong-willed, regenerating
A: (nimble swimmer 2), mertail, horns 1, low mp 1
a: Renounce Religion, Berserk, Trog's Hand


You were on level 10 of the Dungeon.
You worshipped Trog.
Trog was most pleased with you.
You visited 1 branch of the dungeon, and saw 10 of its levels.

You collected 564 gold pieces.
You spent 159 gold pieces at shops.

Inventory:

Hand Weapons
 a - a +0 spear
 d - the +7 Singing Sword (weapon) {vorpal, sonic wave}
   (You found it on level 5 of the Dungeon)

   It inflicts extra damage upon your enemies.
   It radiates damaging sonic waves as it strikes, especially in combat
   involving dangerous or numerous foes.
 j - a +3 scythe of venom
Missiles
 z - 21 poisoned darts (quivered)
 H - 7 boomerangs
Armour
 g - a +0 pair of gloves (worn)
 q - a +0 cloak (worn)
 w - a +0 pair of boots (worn)
 y - a +0 tower shield (worn)
 A - a +0 chain mail (worn)
Jewellery
 l - a ring of resist corrosion
 D - a ring of poison resistance
Wands
 m - a wand of acid (16)
 o - a wand of polymorph (40)
 r - a wand of mindburst (13)
 x - a wand of iceblast (9)
Scrolls
 c - 2 scrolls of noise {unknown}
 e - 2 scrolls of teleportation
 h - 4 scrolls of torment
 k - a scroll of enchant weapon {unknown}
 n - a scroll of brand weapon {unknown}
 t - 2 scrolls of fear {unknown}
 G - a scroll of identify
 K - a scroll of immolation {unknown}
Potions
 b - 6 potions of brilliance
 f - a potion of might
 i - 3 potions of lignification
 p - a potion of mutation
 s - a potion of curing
 u - a potion of degeneration {unknown}
 v - 2 potions of haste {unknown}
 B - 2 potions of berserk rage {unknown}
 C - 2 potions of invisibility {unknown}
 E - 3 potions of attraction {unknown}
 F - a potion of flight {unknown}
 J - a potion of heal wounds {unknown}
Miscellaneous
 I - a phial of floods


   Skills:
 - Level 8.0 Fighting
 + Level 10.6 Long Blades
 - Level 10.3 Polearms
 - Level 1.4 Armour
 - Level 9.0 Dodging
 - Level 1.4 Stealth
 + Level 9.2 Shields


You had 10 spell levels left.
You didn't know any spells.
Your spell library was empty.

Dungeon Overview and Level Annotations

Branches:
Dungeon (10/15)            Temple (0/1) D:6             Orc (0/2) D:9
   Lair: D:8-11

Altars:
Ashenzari
Dithmenos
Fedhas
Hepliaklqana
Kikubaaqudgha
Makhleb
Trog
Wu Jian

Shops:
D:5 *

Annotations:
D:8 !hydra


Innate Abilities, Weirdness & Mutations

((You are quick and stealthy near water. (Stealth+, EV+, Speed+++)))
Your lower body shifts to a powerful aquatic tail in water.
You have a pair of small horns on your head.
Your magical capacity is low. (-10% MP)


Message History

You hear an angry hiss.
You hear a shout!
You hear a roar!
You hear an angry hiss.
The centaur warrior zombie barely misses you.
The centaur warrior zombie kicks you but does no damage.
Unknown command.
Unknown command.
You hit the two-headed ogre.
The Screaming Sword screams, "KILL!
KILL!!
KILL!!!"
You send a blast of sound all around you.
The monsters around you are blasted!
The two-headed ogre is moderately wounded.
The centaur warrior zombie is heavily damaged.
You kill the acid dragon!
Trog accepts your kill.
The acid dragon scales are intact enough to wear.
The two-headed ogre is severely wounded.
You headbutt the two-headed ogre, but do no damage.
The two-headed ogre is moderately wounded.
You hear an angry hiss.
You block the two-headed ogre's attack. The two-headed ogre barely misses you.
Unknown command.
Unknown command.
A six-headed hydra comes into view.
The six-headed hydra roars!
An orc warrior comes into view.
It is wielding a +1 war axe of electrocution.
There is an open door, spattered with blood here.
Things that are here:
+0 acid dragon scales; an acid dragon corpse Your surroundings suddenly seem different.
Found 42 gold pieces.
You see here 25 gold pieces.
Your skin crawls.
You feel strong-willed.
You can no longer call in reinforcements.
Okay, then.
Unknown command.
You slash the two-headed ogre!
The two-headed ogre is heavily wounded.
The two-headed ogre hits you with a +0 giant club!!
You die...

.# #..........# #.# #. .#
#..........#########.# #. .#
#....................# #. .#
#....................# #. .#
#.........#########..# #. .#
#..######.# #..# #. .# #..# #.#
#..# #. .# #.## ###########..# #.
.# #.# #@..#...##..# #. .# #.#
#O..#...##..#####. .# #.#
#...#...##....>... .#
#.#####+##'###...##........
.######..≈≈8#....).#)..##..#####.
.........≈≈≈#....O.[)..##..# #.
.........≈≈≈#.)##.O#)..##..# #.
.........≈≈≈#..##..######..# #.
#######..≈≈≈'..##..+ #..# #.


You could see 2 two-headed ogres.

Vanquished Creatures
  A two-headed ogre (D:10)
  Erica (D:8)
  A manticore (D:9)
  Joseph (D:7)
  An unseen horror (D:10)
  Psyche (D:8)
  A tengu conjurer (D:8)
  3 trolls
  A hornet (D:8)
  Sigmund (D:2)
  5 shadows
  5 yaks (D:10)
  Eustachio (D:4)
  A steam dragon (D:8)
  Menkaure (D:5)
  An acid dragon (D:10)
  2 water moccasins
  A black bear (D:4)
  An ice beast (D:5)
  3 orc warriors
  A sky beast (D:7)
  2 ogres (D:5)
  A centaur (D:9)
  A phantom (D:7)
  Blork the orc (D:4)
  3 kobold brigands
  4 bullfrogs
  8 scorpions
  A water moccasin zombie (D:5)
  A water moccasin skeleton (D:5)
  3 killer bees
  4 wights (D:7)
  2 hounds
  4 centaur zombies
  7 orc priests
  3 jellies
  2 bullfrog skeletons
  Crazy Yiuf (D:4)
  2 iguanas
  9 orc wizards
  A killer bee zombie (D:7)
  A hound zombie (D:5)
  A howler monkey zombie (D:7)
  7 adders
  A shadow imp (D:6)
  2 white imps
  A worm (D:4)
  25 orcs
  8 endoplasms
  3 giant cockroaches
  5 hobgoblins
  4 jackals (D:2)
  4 quokkas
  3 ball pythons (D:1)
  11 bats
  4 frilled lizards
  6 goblins
  16 kobolds
  6 rats
202 creatures vanquished.

Vanquished Creatures (others)
  10 fungi (D:5)
10 creatures vanquished.

Grand Total: 212 creatures vanquished

Notes
Turn   | Place    | Note
-------+----------+-------------------------------------------
     0 | D:1      | devnull the Merfolk Berserker began the quest for the Orb.
     0 | D:1      | Reached XP level 1. HP: 18/18 MP: 1/1
   202 | D:1      | Reached XP level 2. HP: 15/24 MP: 2/2
   874 | D:1      | Reached ** piety under Trog
   885 | D:1      | Reached XP level 3. HP: 30/30 MP: 3/3
   992 | D:1      | Reached skill level 5 in Polearms
  1325 | D:2      | Found a faded altar of an unknown god.
  1327 | D:2      | Noticed Sigmund
  1799 | D:2      | Killed Sigmund
  1800 | D:2      | Reached skill level 1 in Stealth
  1800 | D:2      | Reached XP level 4. HP: 38/38 MP: 4/4
  1800 | D:2      | Reached XP level 5. HP: 43/43 MP: 5/5
  2816 | D:3      | Reached XP level 6. HP: 49/49 MP: 6/6
  3118 | D:4      | Found a runed translucent door.
  3119 | D:4      | Noticed Crazy Yiuf
  3178 | D:4      | Noticed Blork the orc
  3183 | D:4      | Killed Blork the orc
  3464 | D:4      | Identified the +10 quarterstaff "Hekefu" {drain, rF- Will+
                  | Int+3}
  3491 | D:4      | Noticed Eustachio
  3508 | D:4      | Killed Eustachio
  3509 | D:4      | Reached skill level 5 in Fighting
  3509 | D:4      | Reached skill level 5 in Dodging
  3509 | D:4      | Reached XP level 7. HP: 56/56 MP: 7/7
  3884 | D:4      | Killed Crazy Yiuf
  3895 | D:4      | Identified the +7 mace of Soft Responsibility {freeze,
                  | *Rage rF+ rN+}
  4032 | D:5      | Entered Level 5 of the Dungeon
  4252 | D:5      | Found Buzaeg's Assorted Antiques.
  4440 | D:5      | Noticed Menkaure
  4451 | D:5      | Killed Menkaure
  4452 | D:5      | Reached XP level 8. HP: 64/64 MP: 8/8
  4812 | D:5      | Found a broken altar of Ashenzari.
  5142 | D:5      | Reached *** piety under Trog
  5203 | D:5      | Reached skill level 10 in Polearms
  5375 | D:5      | Found the +7 Singing Sword {vorpal, sonic wave}
  5469 | D:5      | Bought a scroll labelled ZEEM LIPILU for 29 gold pieces
  5469 | D:5      | Bought a glowing grey potion for 26 gold pieces
  5469 | D:5      | Bought 2 grey potions for 52 gold pieces
  5469 | D:5      | Bought 2 amethyst potions for 52 gold pieces
  5665 | D:5      | Reached skill level 1 in Long Blades
  5665 | D:5      | Reached XP level 9. HP: 68/72 MP: 9/9
  6877 | D:6      | Found a staircase to the Ecumenical Temple.
  7555 | D:7      | Reached skill level 1 in Shields
  8116 | D:7      | Reached skill level 5 in Long Blades
  8268 | D:7      | Gained mutation: You have a pair of small horns on your
                  | head. [potion of mutation]
  8268 | D:7      | Gained mutation: Your magical capacity is low. (-10% MP)
                  | [potion of mutation]
  8871 | D:8      | Reached **** piety under Trog
  9091 | D:8      | Noticed Joseph
  9092 | D:8      | Reached XP level 10. HP: 60/80 MP: 9/9
  9310 | D:7      | Killed Joseph
  9311 | D:7      | Reached skill level 5 in Shields
  9466 | D:8      | Found a blossoming altar of Fedhas.
  9467 | D:8      | Found a shadowy altar of Dithmenos.
  9480 | D:8      | Found a bloodstained altar of Trog.
  9480 | D:8      | Found an ancient bone altar of Kikubaaqudgha.
  9482 | D:8      | Found a hazy altar of Hepliaklqana.
  9483 | D:8      | Found an ornate altar of the Wu Jian Council.
  9500 | D:8      | Noticed Erica
  9519 | D:8      | Killed Erica
  9920 | D:8      | Noticed Psyche
 10025 | D:8      | Killed Psyche
 10066 | D:8      | Found the +3 sling "Punk" {acid, rCorr}
 10256 | D:8      | Identified the +5 quarterstaff of Inyte {holy, Int+2}
 10256 | D:8      | Identified the +9 long sword of the Morning {speed, Contam
                  | *Rage *Noise rCorr Dex+4}
 10281 | D:8      | Identified the +3 mace of the Ghost {antimagic, *Slow rN+
                  | Str+3 Stlth+}
 10310 | D:8      | Noticed a seven-headed hydra
 10659 | D:9      | Noticed a manticore
 10674 | D:9      | Killed a manticore
 10779 | D:9      | Found a staircase to the Orcish Mines.
 10789 | D:9      | Reached XP level 11. HP: 62/86 MP: 9/9
 11252 | D:10     | Entered Level 10 of the Dungeon
 11331 | D:10     | Reached skill level 10 in Long Blades
 11423 | D:10     | Found a burning altar of Makhleb.
 11889 | D:10     | Noticed a two-headed ogre
 11894 | D:10     | Killed a two-headed ogre
 11954 | D:10     | Noticed a two-headed ogre
 11956 | D:10     | Noticed a two-headed ogre
 11959 | D:10     | Noticed a six-headed hydra
 11963 | D:10     | Slain by a two-headed ogre

Illustrated notes

Levels and vault maps discovered:
D:1:      dpeg_arrival_oval, layout_basic, minivault_11,
          chequers_serial_rivers_small_3, minmay_crystal_water
D:2:      layout_basic, basic_ecumenical_altar, uniq_sigmund
D:3:      layout_loops_cross
D:4:      layout_loops_ring, uniq_eustachio, uniq_blork_the_orc,
          uniq_crazy_yiuf_cottage
D:5:      old_forge, layout_rooms, nicolae_ashenzari_skybound, serial_shops,
          nicolae_shop_waterfront, corexii_leaking_fountain,
          lemuel_old_faithful, uniq_menkaure
D:6:      layout_layer_cave, minmay_temple_entry_hall
D:7:      layout_gridville
D:8:      minmay_the_grid_four_pointed_star
          [minmay_the_grid_triangle_9x9_intruding_spiral,
          minmay_the_grid_triangle_9x9_odd_lines,
          minmay_the_grid_triangle_9x9_zippers_horizontal,
          minmay_the_grid_triangle_9x9_limited_checkers,
          minmay_the_grid_prize_four_corners_diamond_b], layout_rooms,
          grunt_temple_overflow_open, kennysheep_dice, uniq_psyche, uniq_erica,
          uniq_joseph
D:9:      layout_cave_pools, orc_0_dummy
D:10:     layout_long_grid, kennysheep_mini, evilmike_minifort

Skill      XL: |  1  2  3  4  5  6  7  8  9 10 11 |
---------------+----------------------------------+-----
Dodging        | 3 4 5 6 8 9 |  9.0
Polearms       | 6 7 9 10 | 10.3
Fighting       | 4 5 6 7 8 |  8.0
Stealth        | 1 |  1.4
Long Blades    | 1 6 9 10 | 10.6
Shields        | 4 7 9 |  9.2
Armour         | |  1.4

Action                   |  1- 3 |  4- 6 |  7- 9 | 10-12 || total
-------------------------+-------+-------+-------+-------++-------
Melee: Spear             |   139 |       |       |       ||   139
       Scythe            |       |    49 |   181 |       ||   230
       Double sword      |       |       |    57 |   131 ||   188
       Headbutt          |       |       |     4 |    26 ||    30
Throw: Dart              |       |       |       |     4 ||     4
Invok: Trog's Hand       |     1 |     1 |     4 |     7 ||    13
       Berserk           |     1 |     1 |     3 |     3 ||     8
  Use: Scroll            |     2 |       |     3 |     1 ||     6
       Potion            |     2 |       |     2 |       ||     4
 Stab: Sleeping          |     2 |     2 |     3 |       ||     7
Armor: Animal skin       |    15 |       |       |       ||    15
       Leather armour    |       |     6 |    56 |       ||    62
       Chain mail        |       |       |    27 |    79 ||   106
Dodge: Dodged            |    68 |    26 |   182 |    37 ||   313
Block: Tower shield      |       |       |    41 |   145 ||   186

Table legend: (Time is in decaauts)
 A = Elapsed time spent in this place.
 B = Non-inter-level travel time spent in this place.
 C = Inter-level travel time spent in this place.
 D = Time resting spent in this place.
 E = Time spent auto-exploring this place.
 F = Levels seen in this place.
 G = Mean time per level.
                   A        B        C        D        E       F      G
               +--------+--------+--------+--------+--------+-----+--------+
         Total |  12267 |  11633 |    634 |   2391 |   7470 |  10 | 1226.7 |
       Dungeon |  12267 |  11633 |    634 |   2391 |   7470 |  10 | 1226.7 |
               +--------+--------+--------+--------+--------+-----+--------+

Top non-repeatable levels by time:
     D:7: 2046 daAuts
     D:5: 1947 daAuts
     D:6: 1429 daAuts
     D:2: 1260 daAuts
     D:4: 1222 daAuts
     D:1: 1138 daAuts
     D:9: 959 daAuts
     D:8: 905 daAuts
    D:10: 726 daAuts
     D:3: 630 daAuts
